 Dungeon Crawl Stone Soup version 0.30-a0-1116-gebefce21f7 (webtiles) character file.

Game seed: 5237947254663688455

63862 cforsyth the Convoker (level 14, -12/110 (124) HPs)
             Began as a Demigod Summoner on Apr 21, 2023.
             Mangled by an ettin
             ... wielding a +1 dire flail of draining
              (34 damage)
             ... on level 1 of the Orcish Mines on Apr 22, 2023.
             The game lasted 00:53:21 (25002 turns).

cforsyth the Convoker (Demigod Summoner)           Turns: 25002, Time: 00:53:21

HP:   -12/110 (124) AC: 11    Str:  9    XL:     14   Next: 31%
MP:   30/33         EV: 14    Int: 35    God:
Gold: 1053          SH:  0    Dex: 14    Spells: 22/35 levels left

rFire   + . .      SeeInvis +    o - staff of fire "Sywig" {rF+ Int+2}
rCold   + . .      Faith    .    (no shield)
rNeg    . . .      Spirit   .    C - +2 ring mail {rC+}
rPois   +          Reflect  .    A - +0 helmet
rElec   .          Rampage  .    z - +0 cloak
rCorr   .                        B - +0 pair of gloves
Will    +....                    I - +0 pair of boots
Stlth   +                        r - amulet of regeneration
HPRegen 1.18/turn                F - ring of see invisible
MPRegen 0.23/turn                D - ring of poison resistance

@: heavily drained
A: high MP 1, forlorn, divine attributes
a: no special abilities


You were on level 1 of the Orcish Mines.
You visited 3 branches of the dungeon, and saw 18 of its levels.
You also visited: Bailey.

You collected 1053 gold pieces.

Inventory:

Missiles
 d - 7 throwing nets
Armour
 a - a +0 robe
 e - the +0 leather armour of the Zebra {Will+}
   (You found it in a bailey)

   Will:      It increases your willpower.
 z - a +0 cloak (worn)
 A - a +0 helmet (worn)
 B - a +0 pair of gloves (worn)
 C - a +2 ring mail of cold resistance (worn)
 I - a +0 pair of boots (worn)
Magical Staves
 o - the staff of fire "Sywig" (weapon) {rF+ Int+2}
   (You found it in a bailey)

   [staff of fire]

   Base accuracy: +5 Base damage: 5 Base attack delay: 1.2 This weapon's minimum
   attack delay (0.6) is reached at skill level 12.
   Int:       It affects your intelligence (+2).
   rF:        It protects you from fire.
   It falls into the 'Staves' category.
   It is a one-handed weapon.
Jewellery
 n - a ring of positive energy
 r - an amulet of regeneration (around neck)
 y - a ring of protection from fire
 D - a ring of poison resistance (right hand)
 F - a ring of see invisible (left hand)
 H - a +6 ring of strength
 L - a +6 ring of intelligence
 O - a ring of ice
 T - a +6 ring of strength
 W - a ring of resist corrosion
Wands
 p - a wand of paralysis (17)
 v - a wand of digging (10)
 w - a wand of flame (26)
 U - a wand of polymorph (6)
Scrolls
 c - 10 scrolls of teleportation
 h - 4 scrolls of enchant weapon
 l - a scroll of acquirement
 s - 4 scrolls of vulnerability
 u - a scroll of amnesia {unknown}
 E - 3 scrolls of fear
 J - 2 scrolls of magic mapping
 K - 2 scrolls of blinking
 N - 2 scrolls of enchant armour {unknown}
 P - a scroll of brand weapon {unknown}
 R - a scroll of silence {unknown}
 X - a scroll of fog
Potions
 b - a potion of magic
 f - a potion of invisibility {unknown}
 g - 6 potions of lignification
 i - 3 potions of attraction
 j - 4 potions of resistance
 k - 4 potions of berserk rage
 m - 10 potions of heal wounds
 q - 6 potions of curing
 t - 3 potions of haste
 x - 2 potions of brilliance
 G - a potion of mutation {unknown}
 M - a potion of ambrosia
 Q - 2 potions of might
 V - a potion of cancellation


   Skills:
 + Level 11.1 Fighting
 + Level 11.3 Dodging
 - Level 2.0 Stealth
 - Level 11.0 Spellcasting
 - Level 15.0 Summonings


You had 22 spell levels left.
You knew the following spells:

 Your Spells              Type           Power      Damage    Failure   Level
a - Summon Small Mammal   Summ           100%       N/A       0%          1
b - Call Imp              Summ           100%       N/A       1%          2
c - Call Canine Familiar  Summ           90%        N/A       1%          3
d - Summon Guardian Gole  Hex/Summ       64%        N/A       1%          3
e - Summon Lightning Spi  Summ/Air       64%        N/A       2%          4

Your spell library contained the following spells:

 Spells                   Type           Power      Damage    Failure   Level
 Beastly Appendage        Tmut           38%        N/A       6%          1
 Foxfire                  Conj/Fire      100%       2x1d9     6%          1
 Magic Dart               Conj           76%        1d6       6%          1
 Ensorcelled Hibernation  Hex/Ice        38%        N/A       10%         2
 Lesser Beckoning         Tloc           38%        N/A       10%         2
 Passwall                 Tmut/Erth      15%        N/A       10%         2
 Static Discharge         Conj/Air       38%        2-4/arc   10%         2
 Wereblood                Tmut           19%        N/A       10%         2
 Gell's Gravitas          Tloc           19%        N/A       19%         3
 Ignite Poison            Fire/Tmut/Pois 28%        N/A       19%         3
 Inner Flame              Hex/Fire       28%        N/A       19%         3
 Mephitic Cloud           Conj/Pois/Air  19%        N/A       19%         3
 Spider Form              Tmut/Pois      19%        N/A       19%         3
 Swiftness                Air            19%        N/A       19%         3
 Teleport Other           Tloc           19%        N/A       19%         3
 Airstrike                Air            9%         2d(2-18)  52%         4
 Flame Wave               Conj/Fire      28%        2d9       52%         4
 Passage of Golubria      Tloc           19%        N/A       52%         4
 Sticky Flame             Conj/Fire      28%        2d5       52%         4
 Blade Hands              Tmut           9%         N/A       86%         5
 Fireball                 Conj/Fire      14%        3d8       86%         5
 Irradiate                Conj/Tmut      9%         3d14      86%         5
 Silence                  Hex/Air        9%         N/A       86%         5
 Dispersal                Tloc           9%         N/A       100%        6
 Plasma Beam              Fire/Air       14%        2x1d27    100%        6
 Starburst                Conj/Fire      14%        6d6       100%        6
 Dragon Form              Tmut           9%         N/A       100%        7
 Ignition                 Fire           14%        3d6       100%        8
 Lehudib's Crystal Spear  Conj/Erth      9%         10d4      100%        8


Dungeon Overview and Level Annotations

Branches:
Dungeon (12/15)            Temple (0/1) D:4            Lair (5/5) D:10
  Swamp (0/4) Lair:2        Snake (0/4) Lair:3        Slime (0/5) Lair:4
    Orc (1/2) D:10         Bailey (visited)

Shops:
D:8 *   D:12 ?   Orc:1 =

Annotations:
D:3 1 runed translucent door, qeuew's ghost, amateur HOFi


Innate Abilities, Weirdness & Mutations

You have an increased reservoir of magic. (+10% MP)
You shall have no god before yourself.
Your divine heritage dramatically boosts your attributes as you level up.


Message History

The ettin hits your guardian golem with a +0 dire flail!!
Your guardian golem is destroyed!
Your guardian golem disappears in a puff of smoke!
Found 14 gold pieces.
Things that are here:
a +0 club; a +0 ring mail
Things that are here:
a +3 great mace of draining; a +0 chain mail; 8 gold pieces You see here a warg corpse.
Things that are here:
a +0 arbalest; a +0 battleaxe; a +0 plate armour
Press: ? - help, v - describe, . - travel
Here: an ettin, wielding a +1 dire flail of draining and a +0 dire flail The floor.
There is a staircase back to the Dungeon here.
You climb upwards.
Welcome back to the Dungeon!
There is a staircase to the Orcish Mines here.
You start resting.
You start resting.
Magic restored.
You climb downwards.
Welcome back to the Orcish Mines!
The ettin hits you with a +1 dire flail of draining!!
You feel drained.
The ettin hits you with a +0 dire flail!!!
There is a staircase back to the Dungeon, spattered with blood here.
Casting: Summon Guardian Golem (safe; 1% risk of failure)
Confirm with . or Enter, or press ? or * to list all spells.
A guardian golem appears, shielding your allies.
The ettin hits you with a +1 dire flail of draining!!
* * * LOW HITPOINT WARNING * * *
You feel drained.
* * * LOW HITPOINT WARNING * * *
The ettin closely misses you. The ettin attacks as you move away!
The ettin hits you with a +1 dire flail of draining!
* * * LOW HITPOINT WARNING * * *
You feel drained.
* * * LOW HITPOINT WARNING * * *
The ettin hits you with a +0 dire flail!!
You die...

#...)†))...........
#.$...[........... .
##)..$............ ..
##.)$...>..........
.#.
#...[†.............
....#..#..∩)........$.
......9.[#.[..#.......
.#......C)[...........
#......@..............
##.#.#...............#
.............#......
...#................
...#.............#.. .
.....#...#....#...
.#..###.####.## .#
##### ### ## #


You could see an ettin (ally target) and a friendly guardian golem (summoned).

Vanquished Creatures
  A hydra (Lair:4)
  A slime creature (D:12)
  A wyvern (Lair:2)
  3 yaks (Lair:5)
  A lava snake (Lair:5)
  2 adders
  A white imp (D:4)
  A dart slug (D:2)
  An endoplasm (D:1)
  A goblin (D:4)
  2 quokkas
  A ball python (D:4)
  2 bats (D:1)
  2 frilled lizards (D:1)
  4 rats
24 creatures vanquished.

Vanquished Creatures (collateral kills)
  Nessos (Lair:4)
  A fire dragon (Lair:5)
  A hydra (Lair:4)
  3 death yaks
  A two-headed ogre (D:11)
  A skyshark (Lair:5)
  A bog body (Lair:2)
  A lindwurm (Lair:5)
  An orc sorcerer (Orc:1)
  8 elephants
  A cyclops (D:12)
  2 slime creatures
  Joseph (D:7)
  9 black mambas
  14 cane toads
  A gargoyle (D:12)
  2 molten gargoyles (Lair:5)
  3 unseen horrors
  3 rime drakes
  2 kobold demonologists (D:12)
  10 komodo dragons
  2 polar bears
  2 trolls
  5 blink frogs
  11 dream sheep
  42 yaks
  8 wyverns
  5 wraiths
  A vampire (D:10)
  8 basilisks
  5 vampire mosquitoes
  4 steam dragons
  Grum (Bailey)
  2 acid dragons
  2 swamp worms (Lair:2)
  3 hell hounds (Lair:5)
  10 water moccasins
  6 orc warriors
  An ice beast (D:8)
  3 wolves (Bailey)
  3 ogres
  8 centaurs
  2 phantoms
  9 kobold brigands
  10 bullfrogs
  A scorpion (D:7)
  14 gnoll sergeants
  7 wights
  12 killer bees
  2 electric eels
  A howler monkey (D:5)
  4 lava snakes (Lair:5)
  4 gnoll boudas (Bailey)
  4 orc priests
  9 hounds
  3 jellies
  An iron imp (D:8)
  2 sleepcaps
  3 iguanas
  6 orc wizards
  3 hell rats (Lair:4)
  22 gnolls
  12 adders
  A shadow imp (D:8)
  A white imp (D:8)
  An ufetubus (D:5)
  4 worms
  3 dart slugs
  31 orcs
  5 ball pythons
  3 endoplasms
  A giant cockroach (D:2)
  8 goblins
  9 hobgoblins
  21 kobolds
  3 quokkas
  6 bats
  3 frilled lizards
  3 rats
433 creatures vanquished.

Vanquished Creatures (others)
  Fannar (D:12)
  7 death yaks
  A boulder beetle (D:11)
  A skyshark (Lair:4)
  A bog body (Lair:2)
  An orc knight (Orc:1)
  7 elephants
  A black mamba (Lair:5)
  A komodo dragon (Lair:1)
  2 cane toads
  A hornet (Lair:4)
  A blink frog (Lair:4)
  3 dream sheep (Lair:4)
  3 slime creatures
  A shadow (D:10)
  A vampire (D:10)
  4 wyverns
  21 yaks
  3 vampire mosquitoes (D:12)
  A warg (Orc:1)
  3 water moccasins
  An orc warrior (Orc:1)
  A hell hound (Lair:5)
  An ogre (Orc:1)
  A kobold brigand (D:12)
  8 killer bees
  An orc priest (D:11)
  3 gnoll boudas
  2 hell rats (Lair:4)
  2 gnolls
  4 orcs
  2 bushes
  24 fungi
  72 plants
187 creatures vanquished.

Grand Total: 644 creatures vanquished

Notes
Turn   | Place    | Note
-------+----------+-------------------------------------------
     0 | D:1      | cforsyth the Demigod Summoner began the quest for the Orb.
     0 | D:1      | Reached XP level 1. HP: 14/14 MP: 5/5
   272 | D:1      | Reached XP level 2. HP: 16/20 MP: 7/7
   287 | D:1      | Learned a level 2 spell: Call Imp
  1210 | D:2      | Reached skill level 4 in Summonings
  1279 | D:2      | Reached XP level 3. HP: 16/26 MP: 5/9
  1331 | D:2      | Learned a level 3 spell: Call Canine Familiar
  1437 | D:2      | Reached XP level 4. HP: 33/33 MP: 11/11
  2422 | D:3      | Learned a level 3 spell: Summon Guardian Golem
  2777 | D:3      | Found a runed translucent door.
  2780 | D:3      | Noticed qeuew's ghost (amateur HOFi)
  3321 | D:3      | Reached XP level 5. HP: 9/38 MP: 9/13
  3771 | D:3      | Reached skill level 5 in Summonings
  4070 | D:3      | Noticed an ice beast
  4646 | D:4      | Found a staircase to the Ecumenical Temple.
  4892 | D:4      | Reached XP level 6. HP: 43/45 MP: 13/15
  5070 | D:5      | Entered Level 5 of the Dungeon
  5164 | D:5      | Identified the +4 scale mail "Ujatt" {-Cast rC+ rCorr}
  5398 | D:5      | Reached skill level 6 in Summonings
  5462 | D:5      | Reached XP level 7. HP: 50/50 MP: 17/17
  5483 | D:5      | Learned a level 4 spell: Summon Lightning Spire
  5650 | D:5      | Reached skill level 5 in Spellcasting
  6123 | D:6      | Reached skill level 7 in Summonings
  6300 | D:6      | Reached XP level 8. HP: 57/57 MP: 15/20
  7114 | D:7      | Noticed Joseph
  7126 | D:7      | Killed Joseph
  7127 | D:7      | Reached skill level 8 in Summonings
  7420 | D:8      | Identified a scroll of acquirement
  7504 | D:8      | Found Imnusu Ragu's General Store.
  7538 | D:8      | Found a flagged portal.
  7555 | Bailey   | Entered a bailey
  7943 | Bailey   | Reached XP level 9. HP: 55/62 MP: 12/24
  7985 | Bailey   | Reached skill level 9 in Summonings
  8226 | Bailey   | Noticed Grum
  8242 | Bailey   | Killed Grum
  8410 | Bailey   | Identified the +0 leather armour of the Zebra {Will+}
  8466 | Bailey   | Identified the staff of fire "Sywig" {rF+ Int+2}
  9726 | D:9      | Reached skill level 10 in Summonings
 10338 | D:9      | Reached XP level 10. HP: 69/69 MP: 14/27
 10962 | D:10     | Entered Level 10 of the Dungeon
 11148 | D:10     | Found a staircase to the Orcish Mines.
 11178 | D:10     | Reached skill level 11 in Summonings
 11438 | D:10     | Reached skill level 10 in Spellcasting
 11888 | D:10     | Found a staircase to the Lair.
 11926 | D:10     | Reached XP level 11. HP: 74/74 MP: 26/30
 12012 | D:10     | Reached skill level 12 in Summonings
 12927 | D:11     | Noticed a two-headed ogre
 12935 | D:11     | Killed a two-headed ogre
 13032 | D:11     | Noticed a boulder beetle
 13047 | D:11     | Killed a boulder beetle
 13454 | D:12     | Reached skill level 13 in Summonings
 13902 | D:12     | Noticed a sun demon
 13908 | D:12     | Reached skill level 14 in Summonings
 14404 | D:12     | Noticed Fannar
 14421 | D:12     | Killed Fannar
 14733 | D:12     | Found Hoirph's Magic Scroll Emporium.
 14916 | Lair:1   | Entered Level 1 of the Lair of Beasts
 14927 | Lair:1   | Reached XP level 12. HP: 81/81 MP: 17/31
 15007 | Lair:1   | Reached skill level 15 in Summonings
 15102 | Lair:1   | Reached skill level 1 in Fighting
 16021 | Lair:1   | Reached skill level 5 in Dodging
 16687 | Lair:2   | Reached skill level 5 in Fighting
 18025 | Lair:2   | Found a staircase to the Swamp.
 18392 | Lair:3   | Reached XP level 13. HP: 104/104 MP: 18/32
 19804 | Lair:3   | Found a staircase to the Snake Pit.
 20354 | Lair:4   | Noticed Nessos
 20368 | Lair:4   | Killed Nessos
 21298 | Lair:4   | Found a staircase to the Slime Pits.
 21859 | Lair:5   | Entered Level 5 of the Lair of Beasts
 21905 | Lair:5   | Reached skill level 10 in Dodging
 22108 | Lair:5   | Reached skill level 10 in Fighting
 22309 | Lair:5   | Reached XP level 14. HP: 115/121 MP: 8/33
 23595 | Lair:5   | Found a large runed translucent door.
 23900 | Lair:5   | Found a large runed translucent door.
 24605 | Lair:5   | Identified the +6 war axe "Killer Klown's Regret" {heavy,
                  | rCorr Str-5 Int+3 SInv}
 24816 | Orc:1    | Entered Level 1 of the Orcish Mines
 24818 | Orc:1    | Found Mahurgh's Jewellery Boutique.
 25002 | Orc:1    | Mangled by an ettin

Illustrated notes

Levels and vault maps discovered:
D:1:      moated_graveyard_arrival, layout_basic, grunt_decor_arrowhead,
          chequers_arboretum
D:2:      layout_loops_ring
D:3:      layout_basic, ebering_ghost_inner_flame
D:4:      layout_loops_ring, chequers_temple_overflow_statue_of_worship,
          minmay_temple_entry_tees, kennysheep_generic_room_16
D:5:      layout_rooms
D:6:      layout_cave_pools, okawaru_ov_weapons_minmay
D:7:      layout_loops_ring, feat_on_display, uniq_joseph
D:8:      layout_basic, slow_altar_2, serial_shops, nicolae_shop_tiny_glass,
          enter_bailey_4
D:9:      layout_gridville, serial_glass, glass_columns_c, glass_columns_a,
          glass_columns_b, glass_columns_c, glass_columns_a, glass_columns_b
D:10:     layout_roguey, minmay_lair_entry_grove,
          kennysheep_orc_monster_closet_entryway, minmay_misc_feat_four_crosses
D:11:     layout_irregular_city
D:12:     layout_basic, serial_shops, nicolae_lakefront_shop, uniq_fannar
Lair:1:   layout_gridlike, serial_bayou_shore_a
Lair:2:   nzn_winding_woodlands_stair_cross [nzn_winding_woodlands_5x15_eye,
          nzn_winding_woodlands_center_lodge, nzn_winding_woodlands_5x15_garden,
          nzn_winding_woodlands_5x5_default,
          nzn_winding_woodlands_5x5_open_star,
          nzn_winding_woodlands_5x15_crooked,
          nzn_winding_woodlands_center_diamonds,
          nzn_winding_woodlands_5x15_cabin], layout_cave_pods,
          nicolae_swamp_entry_splash_gauntlet
Lair:3:   layout_long_grid, dummy_snake_entry, minivault_25, wad_woods_river_01,
          infiniplex_staircase_pool_2
Lair:4:   layout_hall_layers, slime_entry_1, uniq_nessos
Lair:5:   cheibrodos_lair_end_hotspot, layout_regular_city, serial_rivers,
          chequers_serial_rivers_marsh, chequers_serial_rivers_micro_a,
          chequers_serial_rivers_micro_d, chequers_serial_rivers_room_a,
          chequers_serial_rivers_micro_b, chequers_serial_rivers_large_b,
          serial_bayou_shore_b
Orc:1:    layout_caves, serial_shops, shop

Skill      XL: |  1  2  3  4  5  6  7  8  9 10 11 12 13 14 |
---------------+-------------------------------------------+-----
Dodging        | 2 7 10 11 | 11.3
Stealth        | 2 |  2.0
Spellcasting   | 2 3 4 5 7 9 10 11 | 11.0
Summonings     | 4 5 6 7 8 10 11 14 15 | 15.0
Fighting       | 6 10 11 | 11.1

Action                     |  1- 3 |  4- 6 |  7- 9 | 10-12 | 13-15 || total
---------------------------+-------+-------+-------+-------+-------++-------
  Melee: Unarmed           |   114 |   171 |    18 |       |       ||   303
         Punch             |     3 |     1 |       |     2 |     3 ||     9
         Staff             |       |       |       |    62 |    74 ||   136
   Cast: Summon Small Mamm |    36 |    36 |    67 |    45 |    77 ||   261
         Call Imp          |     9 |    27 |    30 |    41 |    48 ||   155
         Call Canine Famil |       |    25 |    38 |    57 |    55 ||   175
         Summon Guardian G |       |     1 |    17 |    69 |    75 ||   162
         Summon Lightning  |       |       |     4 |    64 |    69 ||   137
  Evoke: Wand              |       |       |       |       |     1 ||     1
    Use: Scroll            |       |       |    10 |     8 |     4 ||    22
   Stab: Sleeping          |     1 |     1 |       |       |       ||     2
         Distracted        |     1 |     1 |       |     3 |     1 ||     6
 Armour: Robe              |    18 |    40 |     2 |       |       ||    60
         Ring mail         |       |       |    26 |    85 |    32 ||   143
  Dodge: Dodged            |    91 |   159 |    58 |    96 |    84 ||   488

Table legend: (Time is in decaauts)
 A = Elapsed time spent in this place.
 B = Non-inter-level travel time spent in this place.
 C = Inter-level travel time spent in this place.
 D = Time resting spent in this place.
 E = Time spent auto-exploring this place.
 F = Levels seen in this place.
 G = Mean time per level.
                   A        B        C        D        E       F      G
               +--------+--------+--------+--------+--------+-----+--------+
         Total |  25096 |  24391 |    705 |   1241 |  18261 |  19 | 1320.8 |
       Dungeon |  14045 |  13615 |    430 |    723 |  10295 |  12 | 1170.4 |
          Lair |   9923 |   9649 |    274 |    355 |   7382 |   5 | 1984.6 |
  Orcish Mines |     74 |     74 |      0 |      0 |      3 |   1 |   74.0 |
        Bailey |   1053 |   1053 |      0 |    163 |    581 |   1 | 1053.0 |
               +--------+--------+--------+--------+--------+-----+--------+

Top non-repeatable levels by time:
  Lair:5: 2865 daAuts
  Lair:2: 1898 daAuts
  Lair:3: 1857 daAuts
  Lair:4: 1696 daAuts
     D:3: 1667 daAuts
    D:10: 1617 daAuts
  Lair:1: 1605 daAuts
    D:12: 1477 daAuts
     D:9: 1452 daAuts
     D:2: 1232 daAuts
     D:1: 1179 daAuts
     D:8: 1094 daAuts
     D:4: 1078 daAuts
  Bailey: 1053 daAuts
    D:11: 985 daAuts
